 Dungeon Crawl Stone Soup version 0.30-a0-948-g4fa250aae5 (webtiles) character file.

Game seed: 4522937978723598829

4103 billz999 the Cleaver (level 10, -5/80 HPs)
             Began as a Demonspawn Fighter on Mar 27, 2023.
             Was a Priest of Kikubaaqudgha.
             Slain by an orc knight
             ... wielding a +0 war axe
              (20 damage)
             ... in a bailey.
             The game lasted 00:12:19 (6439 turns).

billz999 the Cleaver (Demonspawn Fighter)           Turns: 6439, Time: 00:12:19

Health: -5/80      AC: 19    Str: 21    XL:     10   Next: 6%
Magic:  0/10       EV: 10    Int: 10    God:    Kikubaaqudgha [***...]
Gold:   403        SH:  6    Dex: 15    Spells: 9/9 levels left

rFire   + . .      SeeInvis .    S - +4 war axe (elec)
rCold   + . .      Faith    .    c - +0 buckler
rNeg    + . .      Spirit   +    E - +1 ring mail of Xanerurch {Drain rN+ Dex+3}
rPois   .          Reflect  .    (helmet restricted)
rElec   .          Rampage  .    r - +0 cloak
rCorr   .                        P - +2 pair of gloves
Will    .....                    (no boots)
Stlth   +                        Q - amulet of guardian spirit
HPRegen 0.33/turn                l - ring of protection from cold
MPRegen 0.12/turn                M - ring of protection from fire

@: sanguine armoured
A: antennae 1, demonic guardian 2, sanguine armour 2
a: Renounce Religion, Unearth Wretches


You were in a bailey.
You worshipped Kikubaaqudgha.
Kikubaaqudgha was most pleased with you.
You visited 1 branch of the dungeon, and saw 8 of its levels.
You also visited: Bailey.

You collected 508 gold pieces.
You spent 105 gold pieces at shops.

Inventory:

Hand Weapons
 S - a +4 war axe of electrocution (weapon)
Missiles
 q - a throwing net (quivered)
Armour
 b - a +0 scale mail
 c - a +0 buckler (worn)
 r - a +0 cloak (worn)
 E - the +1 ring mail of Xanerurch (worn) {Drain rN+ Dex+3}
   (You found it on level 4 of the Dungeon)

   Dex:       It affects your dexterity (+3).
   rN:        It protects you from negative energy.
   Drain:     It drains your maximum health when unequipped.
 P - a +2 pair of gloves (worn)
Jewellery
 l - a ring of protection from cold (left hand)
 x - a ring of ice
 D - an amulet of reflection
 L - an amulet of magic regeneration
 M - a ring of protection from fire (right hand)
 Q - an amulet of guardian spirit (around neck)
Wands
 y - a wand of charming (7)
 z - a wand of roots (8)
 J - a wand of polymorph (3)
Scrolls
 h - 2 scrolls of noise
 i - 4 scrolls of blinking
 m - 3 scrolls of fear
 n - a scroll of vulnerability
 o - a scroll of magic mapping
 p - 8 scrolls of teleportation {unknown}
 v - a scroll of silence {unknown}
 w - 5 scrolls of poison {unknown}
 C - 2 scrolls of torment {unknown}
 H - 2 scrolls of butterflies {unknown}
 I - a scroll of fog
Potions
 a - 2 potions of attraction {unknown}
 d - 2 potions of might
 e - 2 potions of heal wounds {unknown}
 f - 3 potions of brilliance
 g - a potion of berserk rage {unknown}
 k - 2 potions of lignification {unknown}
 t - a potion of ambrosia {unknown}
 u - a potion of degeneration {unknown}
 A - 2 potions of flight {unknown}
 B - a potion of invisibility {unknown}
 G - 2 potions of curing
 K - a potion of cancellation {unknown}
 O - a potion of resistance {unknown}
 R - a potion of mutation {unknown}


   Skills:
 - Level 7.7 Fighting
 + Level 9.6 Axes
 - Level 2.6 Armour
 - Level 7.5 Shields


You had 9 spell levels left.
You didn't know any spells.
Your spell library contained the following spells:

 Spells                   Type           Power      Damage    Failure   Level
 Beastly Appendage        Tmut           0%         N/A       61%         1
 Freeze                   Ice            0%         1d3       61%         1
 Kiss of Death            Conj/Necr      0%         2d5       61%         1
 Necrotise                Necr           0%         1d4       61%         1
 Shock                    Conj/Air       0%         1d3       61%         1
 Blink                    Tloc           0%         N/A       75%         2
 Ensorcelled Hibernation  Hex/Ice        0%         N/A       75%         2
 Lesser Beckoning         Tloc           0%         N/A       75%         2
 Momentum Strike          Conj/Tloc      0%         3d8       75%         2
 Passwall                 Tmut/Erth      0%         N/A       75%         2
 Sublimation of Blood     Necr           0%         N/A       75%         2
 Summon Guardian Golem    Hex/Summ       0%         N/A       93%         3
 Swiftness                Air            0%         N/A       93%         3
 Vampiric Draining        Necr           0%         2d6       93%         3
 Dispel Undead            Necr           0%         3d6       100%        4
 Agony                    Necr           0%         N/A       100%        5
 Borgnjor's Vile Clutch   Necr/Erth      0%         N/A       100%        5
 Simulacrum               Ice/Necr       0%         N/A       100%        6
 Orb of Destruction       Conj           0%         9d5       100%        7
 Spellforged Servitor     Conj/Summ      0%         N/A       100%        7


Dungeon Overview and Level Annotations

Branches:
Dungeon (8/15)             Temple (0/1) D:5            Lair (0/5) D:8
 Bailey (1/1)

Altars:
Ashenzari
Fedhas
Kikubaaqudgha
Yredelemnul

Shops:
D:3 ?   D:4 (   D:5 *


Innate Abilities, Weirdness & Mutations

You have a pair of small antennae on your head.
A demonic guardian rushes to your aid.
When seriously injured, your blood forms thick armour. (AC +9)


Message History

The orc knight goes into a battle-frenzy!
You block the kobold brigand's attack.
You completely miss the orc knight.
The orc knight is moderately wounded.
You barely miss the kobold brigand.
You hit the orc warrior but do no damage.
The orc knight hits you with a +0 war axe!!
A demonic guardian appears!
Your blood congeals into armour.
The kobold brigand barely misses you.
You hit the orc knight but do no damage.
Lightning courses through the orc knight!
The orc knight is heavily wounded.
You completely miss the orc knight. You hit the kobold brigand.
Lightning courses through the kobold brigand!!
You kill the kobold brigand!
Kikubaaqudgha accepts your kill.
The orc knight hits you with a +0 war axe!
The orc knight hits your hellwing with a +0 war axe!
Your hellwing completely misses the orc knight.
Your hellwing hits the orc knight but does no damage.
The orc knight attacks as you move away!
The orc knight hits you with a +0 war axe.
You barely miss the orc knight.
The orc knight is heavily wounded.
Your hellwing hits the orc warrior. Your hellwing hits the orc warrior!
Unknown command.
You slash the orc knight!
Lightning courses through the orc knight!
The orc knight is almost dead.
You hit the orc warrior.
The orc knight hits you with a +0 war axe!!
* * * LOW HITPOINT WARNING * * *
The orc warrior closely misses you.
The orc warrior closely misses your hellwing.
Your hellwing closely misses the orc warrior.
Your hellwing misses the orc warrior.
You feel better.
The orc knight hits you with a +0 war axe!!
You die...
Kikubaaqudgha rasps: "You have failed me!
Welcome... death!"

#.###~~.......~~#
#....~~.......~~.
#####~~.......~~#
##~.......~#
####'''####
##.....##
#∩....(∩#
#...8...#
##..o@.## ###o###
#4o)# .......
...........
...............
...............
#.............#
###.$$.(.![.###


You could see 2 orc knights, an orc warrior (strong) and a friendly hellwing
(summoned).

Vanquished Creatures
  Pikel (D:6)
  Maggie (D:6)
  Duvessa (D:5)
  A water moccasin (D:7)
  A black bear (D:4)
  An orc warrior (Bailey)
  An ice beast (D:5)
  A sky beast (D:7)
  3 ogres
  A phantom (D:7)
  A centaur (D:6)
  A lemure (D:6)
  2 bullfrogs
  5 kobold brigands (Bailey)
  A gnoll sergeant (D:8)
  2 scorpions
  6 wights
  Dowan (D:5)
  A vampire bat (D:7)
  A howler monkey (D:8)
  2 hounds
  3 jellies
  5 orc priests
  A sleepcap (D:5)
  A gnoll bouda (D:6)
  3 iguanas
  8 orc wizards
  6 adders
  12 gnolls
  A white imp (D:7)
  An ufetubus (D:5)
  26 orcs
  6 ball pythons
  16 bats
  9 endoplasms
  5 giant cockroaches
  14 goblins
  4 hobgoblins
  5 quokkas
  3 frilled lizards
  18 kobolds
  5 rats
187 creatures vanquished.

Vanquished Creatures (collateral kills)
  Grinder (D:4)
  A wight (D:6)
  An orc priest (D:8)
  A jelly (D:6)
  3 gnolls
  An orc (D:6)
8 creatures vanquished.

Vanquished Creatures (others)
  14 plants (D:2)
14 creatures vanquished.

Grand Total: 209 creatures vanquished

Notes
Turn   | Place    | Note
-------+----------+-------------------------------------------
     0 | D:1      | billz999 the Demonspawn Fighter began the quest for the
                  | Orb.
     0 | D:1      | Reached XP level 1. HP: 18/18 MP: 1/1
    95 | D:1      | Reached skill level 2 in Axes
   204 | D:1      | Gained mutation: When seriously injured, your blood forms
                  | armour. (AC +9) [demonic ancestry]
   204 | D:1      | Reached XP level 2. HP: 24/24 MP: 2/2
   898 | D:2      | Gained mutation: A weak demonic guardian rushes to your
                  | aid. [demonic ancestry]
   898 | D:2      | Reached XP level 3. HP: 27/29 MP: 3/3
   957 | D:2      | Reached skill level 3 in Axes
  1132 | D:2      | Gained mutation: A demonic guardian rushes to your aid.
                  | [demonic ancestry]
  1132 | D:2      | Reached XP level 4. HP: 25/37 MP: 4/4
  2249 | D:3      | Found Guigo's Magic Scroll Shoppe.
  2265 | D:3      | Bought a scroll of blinking for 105 gold pieces
  2284 | D:3      | Found a blossoming altar of Fedhas.
  2458 | D:3      | Found an ancient bone altar of Kikubaaqudgha.
  2468 | D:3      | Reached skill level 4 in Axes
  2469 | D:3      | Became a worshipper of Kikubaaqudgha
  2617 | D:4      | Reached XP level 5. HP: 30/42 MP: 5/5
  2703 | D:4      | Noticed Grinder
  2810 | D:4      | Paralysed by Grinder for 2 turns
  2814 | D:4      | Killed Grinder
  2815 | D:4      | Reached skill level 5 in Axes
  2815 | D:4      | Reached XP level 6. HP: 19/50 MP: 6/6
  2973 | D:4      | Reached skill level 5 in Fighting
  3047 | D:4      | Found Qocal's Antique Weapon Boutique.
  3066 | D:4      | Gained mutation: When seriously injured, your blood forms
                  | thick armour. (AC +9) [demonic ancestry]
  3066 | D:4      | Reached XP level 7. HP: 56/56 MP: 7/7
  3316 | D:4      | Got First Steps in Theurgy
  3410 | D:4      | Identified the +1 ring mail of Xanerurch {Drain rN+ Dex+3}
  3456 | D:5      | Entered Level 5 of the Dungeon
  3474 | D:5      | Found a staircase to the Ecumenical Temple.
  3497 | D:5      | Reached skill level 6 in Axes
  3510 | D:5      | Reached * piety under Kikubaaqudgha
  3510 | D:5      | Received a gift from Kikubaaqudgha
  3637 | D:5      | Found Caikood's General Store.
  3815 | D:5      | Noticed Dowan
  3816 | D:5      | Reached skill level 7 in Axes
  3816 | D:5      | Reached XP level 8. HP: 64/64 MP: 8/8
  3817 | D:5      | Noticed Duvessa
  3822 | D:5      | Killed Dowan
  3826 | D:5      | Killed Duvessa
  4011 | D:5      | Found a basalt altar of Yredelemnul.
  4359 | D:6      | Reached ** piety under Kikubaaqudgha
  4592 | D:6      | Noticed Pikel
  4601 | D:6      | Killed Pikel
  4602 | D:6      | Reached skill level 8 in Axes
  4802 | D:6      | Noticed Maggie
  4815 | D:6      | Killed Maggie
  4816 | D:6      | Reached skill level 9 in Axes
  4816 | D:6      | Gained mutation: You have a pair of small antennae on your
                  | head. [demonic ancestry]
  4816 | D:6      | Reached XP level 9. HP: 35/72 MP: 9/9
  5540 | D:7      | Reached skill level 5 in Shields
  5806 | D:7      | Found a broken altar of Ashenzari.
  6018 | D:8      | Found a flagged portal.
  6044 | D:8      | Reached *** piety under Kikubaaqudgha
  6044 | D:8      | Received a gift from Kikubaaqudgha
  6189 | Bailey   | Entered a bailey
  6333 | Bailey   | Reached XP level 10. HP: 61/80 MP: 10/10
  6423 | Bailey   | Noticed an orc knight
  6428 | Bailey   | Noticed an orc knight
  6439 | Bailey   | Slain by an orc knight

Illustrated notes

Levels and vault maps discovered:
D:1:      minmay_arrival_up_and_down, layout_basic
D:2:      layout_loops_ring, serial_forest, infiniplex_forest_end_2,
          infiniplex_forest_join, infiniplex_forest_clump_tiny,
          infiniplex_forest_corner_1, infiniplex_forest_lined_2,
          infiniplex_forest_end_1, infiniplex_forest_diagonal,
          serial_park_tiny_pond, lexackson_kobold_supper
D:3:      kennysheep_big_flooded_room, layout_rooms, pf_just_have_faith,
          old_standard_altar, serial_shops, shop
D:4:      layout_gridville, serial_shops, shop_statue, uniq_grinder
D:5:      layout_basic, mainiacjoe_overflow_cross_hatched,
          minmay_temple_entry_wispy, serial_shops, nicolae_shop_trees,
          uniq_duvessa
D:6:      layout_rooms, nrook_loot_triangle, uniq_maggie, uniq_pikel
D:7:      layout_cave_pools, ashenzari_conservatory_becter, roderic_batcave
D:8:      layout_basic, david_lair_generic, enter_bailey_3,
          dreamdust_gnoll_shepherd
Bailey:   bailey_axe_3, bailey

Skill      XL: |  1  2  3  4  5  6  7  8  9 |
---------------+----------------------------+-----
Axes           | 2 3 4 5 7 9 |  9.6
Fighting       | 4 5 6 7 |  7.7
Shields        | 7 |  7.5
Armour         | |  2.6

Action                     |  1- 3 |  4- 6 |  7- 9 | 10-12 || total
---------------------------+-------+-------+-------+-------++-------
  Melee: War axe           |   103 |   144 |   200 |     9 ||   456
    Use: Scroll            |       |     4 |     7 |       ||    11
         Potion            |       |       |       |     1 ||     1
   Stab: Distracted        |       |       |     1 |       ||     1
 Armour: Scale mail        |    60 |    81 |     2 |       ||   143
         Ring mail         |       |       |    91 |     3 ||    94
  Dodge: Dodged            |    58 |    83 |   108 |     5 ||   254
  Block: Buckler           |    33 |    42 |    97 |     4 ||   176
         Reflection        |       |       |     5 |       ||     5

Table legend: (Time is in decaauts)
 A = Elapsed time spent in this place.
 B = Non-inter-level travel time spent in this place.
 C = Inter-level travel time spent in this place.
 D = Time resting spent in this place.
 E = Time spent auto-exploring this place.
 F = Levels seen in this place.
 G = Mean time per level.
                   A        B        C        D        E       F      G
               +--------+--------+--------+--------+--------+-----+--------+
         Total |   6678 |   6374 |    304 |    572 |   4452 |   9 |  742.0 |
       Dungeon |   6423 |   6119 |    304 |    517 |   4315 |   8 |  802.9 |
        Bailey |    254 |    254 |      0 |     55 |    137 |   1 |  254.0 |
               +--------+--------+--------+--------+--------+-----+--------+

Top non-repeatable levels by time:
     D:2: 1152 daAuts
     D:5: 1062 daAuts
     D:1: 922 daAuts
     D:6: 826 daAuts
     D:4: 792 daAuts
     D:3: 740 daAuts
     D:7: 724 daAuts
  Bailey: 254 daAuts
     D:8: 203 daAuts
